 Dungeon Crawl Stone Soup version 0.25.1-2-g60ff931df9 (webtiles) character file.

Game seed: 2979726297021632805

5178 Drachen the Destroyer (level 10, -4/73 HPs)
             Began as a Demigod Fire Elementalist on Oct 15, 2020.
             Slain by a death yak (24 damage)
             ... on level 8 of the Dungeon.
             The game lasted 00:33:52 (10439 turns).

Drachen the Destroyer (Demigod Fire Elementalist)  Turns: 10439, Time: 00:33:53

Health: -4/73      AC:  8    Str: 11    XL:     10   Next: 12%
Magic:  10/39      EV: 15    Int: 25    God:
Gold:   63         SH:  0    Dex: 19    Spells: 6/19 levels left

rFire    . . .     SeeInvis +   N - +5 rapier (venom)
rCold    . . .     Gourm    .   (no shield)
rNeg     . . .     Faith    .   j - +2 leather armour of the Bulwark {rCorr MP+9 Dex+3}
rPois    .         Spirit   .   A - +0 helmet
rElec    .         Reflect  .   r - +0 cloak
rCorr    +         Harm     .   (no gloves)
MR       +....                  E - +0 pair of boots
Stlth    ++........             (no amulet)
HPRegen  0.22/turn              G - ring of magical power
MPRegen  0.26/turn              i - ring of see invisible

@: about to teleport
A: high mp 1
a: no special abilities


You were on level 8 of the Dungeon.
You were hungry.

You visited 1 branch of the dungeon, and saw 8 of its levels.
You also visited: Ossuary.

You collected 529 gold pieces.
You spent 466 gold pieces at shops.

Inventory:

Hand Weapons
 N - a +5 rapier of venom (weapon)
Missiles
 g - 23 poisoned darts (quivered)
 w - 3 throwing nets
Armour
 j - the +2 leather armour of the Bulwark (worn) {rCorr MP+9 Dex+3}
   (You bought it in a shop on level 7 of the Dungeon)

   It affects your dexterity (+3).
   It affects your magic capacity (+9).
   It provides partial protection from all sources of acid and corrosion.
 r - a +0 cloak (worn)
 A - a +0 helmet (worn)
 E - a +0 pair of boots (worn)
 K - the +1 chain mail "Bunidet" {*Slow Int+7}
   (You bought it in a shop on level 7 of the Dungeon)

   It affects your intelligence (+7).
   It may slow you when you take damage.
Jewellery
 i - a ring of see invisible (right hand)
 G - a ring of magical power (left hand)
Wands
 h - a wand of polymorph (3)
 B - a wand of acid (9)
 F - a wand of random effects (24)
Scrolls
 b - 3 scrolls of remove curse
 d - a scroll of immolation {unknown}
 f - 4 scrolls of magic mapping
 k - 2 scrolls of fear
 o - 3 scrolls of amnesia
 u - a scroll of teleportation
 y - 2 scrolls of noise {unknown}
 z - a scroll of enchant armour {unknown}
 C - 4 scrolls of fog
 I - a scroll of holy word {unknown}
 J - 2 scrolls of enchant weapon {unknown}
 L - a scroll of brand weapon {unknown}
Potions
 e - a potion of degeneration {unknown}
 l - 5 potions of stabbing
 m - a potion of ambrosia
 n - 2 potions of haste
 p - 2 potions of might
 q - 2 potions of heal wounds
 s - a potion of mutation {unknown}
 t - a potion of invisibility
 v - a potion of brilliance {unknown}
 x - a potion of berserk rage {unknown}
 D - a potion of curing {unknown}
 H - 2 potions of lignification
 M - a potion of flight {unknown}
Comestibles
 a - 10 chunks of flesh
 c - 10 rations


   Skills:
 - Level 2.0 Fighting
 - Level 3.0 Armour
 - Level 5.0 Dodging
 - Level 2.0 Stealth
 + Level 5.4 Spellcasting
 + Level 8.3 Conjurations
 + Level 8.3 Fire Magic


You had 6 spell levels left.
You knew the following spells:

 Your Spells              Type           Power        Failure   Level  Hunger
a - Foxfire               Conj/Fire      ####         1%          1    None
b - Conjure Flame         Conj/Fire      #####...     1%          3    #......
c - Sticky Flame          Conj/Fire      #####...     3%          4    ###....
d - Fireball              Conj/Fire      #####.....   10%         5    #####..

Your spell library contained the following spells:

 Spells                   Type           Power        Failure   Level  Hunger
 Inner Flame              Hex/Fire       ####....     5%          3    #......
 Sting                    Tmut/Pois      #...         10%         1    None
 Ignite Poison            Fire/Tmut/Pois ###.....     10%         3    #......
 Mephitic Cloud           Conj/Pois/Air  ###.....     10%         3    #......
 Poisonous Vapours        Pois/Air       #.....       16%         2    None
 Olgreb's Toxic Radiance  Pois           #.......     69%         4    ###....


Dungeon Overview and Level Annotations

Branches:
Dungeon (8/15)             Temple (0/1) D:5         Ossuary (visited)
   Lair: D:8-11

Shops:
D:7 [[


Innate Abilities, Weirdness & Mutations

You have an increased reservoir of magic. (+10% MP)


Message History

Aim: a death yak (severely wounded)
The sticky flame hits the death yak!
The death yak is almost dead.
The death yak is covered in liquid flames!
The hell rat roars deafeningly!
The death yak burns!
The death yak is engulfed in blazing flames.
The death yak gores you!!
* * * LOW HITPOINT WARNING * * *
The death yak burns!
The death yak is engulfed in blazing flames.
The death yak burns!
A rat comes into view.
The death yak burns!
You kill the death yak!
You have reached level 10!
As you read the scroll of teleportation, it crumbles to dust.
You feel strangely unstable. The death yak gores you!!
You die...

##..# #.........#
#.... #.........#
....Y. #.##+######
....r.###........#
. #.†r##..†....# .
#..r.○.......# .
#..r##.......# .
#...##.....Y.# .
#...........@# .
#............# .
#............# .
#...##.......# .
###'########+### .
#............. .
#............. .
#............. .
#####'######+#


You could see a death yak.

Vanquished Creatures
  Harold (D:7)
  2 death yaks (D:8)
  Prince Ribbit (D:6)
  Sigmund (D:6)
  Duvessa (D:6)
  2 porcupines (D:8)
  2 ice beasts
  An orc warrior (D:7)
  A phantom (D:5)
  A sky beast (D:7)
  4 ogres
  A gnoll sergeant (D:8)
  4 bullfrogs
  Dowan (D:6)
  3 scorpions
  A howler monkey (D:3)
  2 crimson imps
  2 hounds
  2 jellies
  4 orc priests
  A gnoll shaman (D:7)
  3 orc wizards
  3 centaur skeletons
  Crazy Yiuf (D:7)
  3 iguanas
  7 worker ants
  A hound zombie (D:5)
  2 hound skeletons (D:4)
  9 mummies
  13 gnolls
  A howler monkey skeleton (D:5)
  3 adders
  2 river rats (D:8)
  A shadow imp (D:7)
  An ooze (D:7)
  2 adder skeletons
  2 worms
  2 dart slugs
  6 leopard geckos
  30 orcs
  5 bats
  8 giant cockroaches
  2 gnoll zombies (Ossuary)
  8 goblins
  8 hobgoblins
  13 jackals
  2 quokkas
  4 ball pythons
  4 frilled lizards
  A hobgoblin zombie (Ossuary)
  11 kobolds
  2 kobold zombies (Ossuary)
  3 orc zombies (Ossuary)
  A quokka skeleton (D:5)
  6 rats
208 creatures vanquished.

Vanquished Creatures (others)
  636 foxfires
636 creatures vanquished.

Grand Total: 844 creatures vanquished

Notes
Turn   | Place    | Note
-------+----------+-------------------------------------------
     0 | D:1      | Drachen the Demigod Fire Elementalist began the quest for
                  | the Orb.
     0 | D:1      | Reached XP level 1. HP: 14/14 MP: 5/5
    75 | D:1      | Reached skill level 1 in Conjurations
   346 | D:1      | Reached XP level 2. HP: 20/20 MP: 5/7
   708 | D:1      | Reached XP level 3. HP: 26/26 MP: 5/8
  2127 | D:2      | Reached XP level 4. HP: 33/33 MP: 8/10
  2270 | D:3      | Found a white marble altar of Elyvilon.
  2393 | D:3      | Learned a level 3 spell: Conjure Flame
  2400 | D:3      | Learned a level 4 spell: Sticky Flame
  2523 | D:3      | Found a glowing golden altar of the Shining One.
  2524 | D:3      | Found a shimmering blue altar of Sif Muna.
  2558 | D:3      | Reached XP level 5. HP: 38/38 MP: 8/12
  2599 | D:3      | Found a glowing golden altar of the Shining One.
  3111 | D:3      | Found a snail-covered altar of Cheibriados.
  3606 | D:4      | Reached XP level 6. HP: 37/45 MP: 8/13
  4267 | D:4      | Reached skill level 5 in Fire Magic
  4542 | D:5      | Entered Level 5 of the Dungeon
  4622 | D:5      | Reached XP level 7. HP: 50/50 MP: 8/14
  4687 | D:5      | Found a staircase to the Ecumenical Temple.
  5009 | D:5      | Reached skill level 5 in Conjurations
  6012 | D:6      | Noticed Sigmund
  6081 | D:6      | Killed Sigmund
  6081 | D:6      | Reached XP level 8. HP: 29/57 MP: 10/15
  6477 | D:6      | You fall into a shaft and drop 1 floor!
  6598 | D:7      | Found a white marble altar of Elyvilon.
  6912 | D:7      | Found Voggypy's Antique Armour Shoppe.
  6937 | D:6      | Found a shadowy altar of Dithmenos.
  7019 | D:6      | Noticed Prince Ribbit
  7027 | D:6      | Killed Prince Ribbit
  7027 | D:6      | Reached skill level 1 in Fighting
  7078 | D:7      | Found a sand-covered staircase.
  7084 | Ossuary  | Entered an ossuary
  7659 | D:7      | Found Plog's Antique Armour Shop.
  7662 | D:7      | Bought a twisted leather armour for 210 gold pieces
  7672 | D:7      | Identified the +2 leather armour of the Bulwark {rCorr MP+9
                  | Dex+3} (You bought it in a shop on level 7 of the Dungeon)
  8067 | D:7      | Found an iron altar of Okawaru.
  8128 | D:7      | Reached XP level 9. HP: 36/67 MP: 18/18
  8811 | D:7      | Noticed Harold
  8829 | D:7      | Killed Harold
  9192 | D:7      | Found a runed translucent door.
  9193 | D:7      | Noticed Crazy Yiuf
  9247 | D:7      | Killed Crazy Yiuf
  9384 | D:7      | Bought a smouldering chain mail for 256 gold pieces
  9394 | D:7      | Identified the +1 chain mail "Bunidet" {*Slow Int+7} (You
                  | bought it in a shop on level 7 of the Dungeon)
  9515 | D:6      | Noticed Dowan
  9517 | D:6      | Noticed Duvessa
  9623 | D:6      | Killed Duvessa
  9651 | D:6      | Killed Dowan
  9853 | D:6      | Got an ichor-stained chain mail
  9864 | D:6      | Identified the cursed +1 chain mail "Juiqidgh Limm" {rElec}
                  | (You found it on level 6 of the Dungeon)
  9918 | D:6      | Learned a level 5 spell: Fireball
 10410 | D:8      | Noticed a death yak
 10420 | D:8      | Noticed a death yak
 10424 | D:8      | Noticed a death yak
 10427 | D:8      | Killed a death yak
 10427 | D:8      | Reached skill level 5 in Spellcasting
 10428 | D:8      | Reached skill level 5 in Dodging
 10435 | D:8      | Killed a death yak
 10435 | D:8      | Reached XP level 10. HP: 19/73 MP: 9/21
 10439 | D:8      | Slain by a death yak

Illustrated notes

Levels and vault maps discovered:
D:1:      ncdulo_wetmaze, layout_loops_cross
D:2:      layout_basic, first_ration
D:3:      layout_rooms, lemuel_coloured_pillars_altar, elyvilon_altar_5,
          gammafunk_temple_overflow_statue, serial_curves, eino_curves_04,
          eino_curves_03, tso_metal_star
D:4:      layout_basic, eino_tiny_chamber
D:5:      layout_loops_ring, minmay_temple_entry_grid
D:6:      layout_basic, nicolae_dithmenos_shadow_blocks, uniq_sigmund,
          uniq_prince_ribbit1, uniq_duvessa
D:7:      layout_basic, kennysheep_mini_moat, gup_ossuary_entry_pyramid,
          basic_altar, serial_shops, kennysheep_mini, shop, st_stairs_4,
          uniq_harold, uniq_crazy_yiuf_cottage
D:8:      layout_gridville, kennysheep_little_box, dpeg_lair_monsters,
          grunt_pizzeria

Skill      XL: |  1  2  3  4  5  6  7  8  9 |
---------------+----------------------------+-----
Conjurations   | 1 2 3 4 6 7 8 |  8.3
Stealth        | 2 |  2.0
Dodging        | 2 3 5 |  5.0
Spellcasting   | 2 3 5 |  5.4
Fire Magic     | 3 4 5 6 7 8 |  8.3
Fighting       | 2 |  2.0
Armour         | 3 |  3.0

Action                   |  1- 3 |  4- 6 |  7- 9 | 10-12 || total
-------------------------+-------+-------+-------+-------++-------
Melee: Unarmed           |     1 |       |       |       ||     1
       Spear             |    27 |       |    62 |       ||    89
       Dagger            |    18 |    25 |    49 |       ||    92
       Rapier            |       |       |     1 |       ||     1
Throw: Dart              |     7 |     1 |    15 |       ||    23
 Cast: Foxfire           |    51 |   101 |   220 |       ||   372
       Sticky Flame      |       |     1 |    11 |       ||    12
       Conjure Flame     |       |       |    16 |       ||    16
       Fireball          |       |       |     7 |       ||     7
  Use: Potion            |       |       |     6 |       ||     6
       Scroll            |       |       |    15 |     1 ||    16
 Stab: Sleeping          |     2 |     1 |     1 |       ||     4
  Eat: Chunk             |     4 |     7 |    16 |       ||    27
       Ration            |       |       |     2 |       ||     2
Armor: Robe              |    10 |    19 |    27 |       ||    56
       Skin              |       |       |    23 |       ||    23
       Leather armour    |       |       |    15 |       ||    15
Dodge: Dodged            |    42 |    96 |   153 |       ||   291
